 Dungeon Crawl Stone Soup version 0.29-a0-25-g7f48f510a0 (webtiles) character file.

Game seed: 6262069368819489869

72 ddubois the Ruffian (level 4, 0/36 HPs)
             Began as a Palentonga Transmuter on Jan 31, 2022.
             Succumbed to an adder's poison
             ... on level 3 of the Dungeon.
             The game lasted 00:04:36 (2549 turns).

ddubois the Ruffian (Palentonga Transmuter)         Turns: 2549, Time: 00:04:36

Health: 0/36       AC:  6    Str: 15    XL:     4   Next: 7%
Magic:  16/16      EV:  7    Int: 14    God:
Gold:   70         SH:  0    Dex: 10    Spells: 6/7 levels left

rFire   . . .      SeeInvis +   j - +0 battleaxe
rCold   . . .      Faith    .   (shield currently unavailable)
rNeg    . . .      Spirit   .   r - +0 scale mail
rPois   .          Reflect  .   (no helmet)
rElec   .          Harm     .   (no cloak)
rCorr   .          Rampage  .   (no gloves)
Will    .....                   (no barding)
Stlth   ..........              (no amulet)
HPRegen 0.12/turn               g - ring of magical power
MPRegen 0.15/turn               (no ring)

@: mighty, lethally poisoned (0 -> -2), attractive
A: large, rugged brown scales 3, see invisible, deformed body, roll 1, armoured
tail
a: Rolling Charge


You were on level 3 of the Dungeon.
You visited 1 branch of the dungeon, and saw 3 of its levels.

You collected 70 gold pieces.

Inventory:

Hand Weapons
 j - a +0 battleaxe (weapon)
 p - a +0 hunting sling
Missiles
 e - 42 stones
 h - 52 arrows
 m - 13 bolts
 n - 5 atropa-tipped darts
 q - 6 datura-tipped darts
Armour
 r - a +0 scale mail (worn)
Jewellery
 g - a ring of magical power (left hand)
Scrolls
 a - a scroll of enchant weapon {unknown}
 b - a scroll of blinking {unknown}
 l - a scroll of identify {unknown}
 o - a scroll of vulnerability {unknown}
Potions
 f - a potion of ambrosia {unknown}
 i - a potion of brilliance {unknown}
 k - a potion of resistance {unknown}


   Skills:
 + Level 2.6 Fighting
 * Level 0.7 Axes
 + Level 1.8 Armour
 - Level 1.6 Dodging
 - Level 3.0 Unarmed Combat
 - Level 2.0 Spellcasting
 - Level 2.0 Transmutations


You had 6 spell levels left.
You knew the following spells:

 Your Spells              Type           Power      Damage    Failure   Level
a - Beastly Appendage     Tmut           14%        N/A       38%         1

Your spell library contained the following spells:

 Spells                   Type           Power      Damage    Failure   Level
 Wereblood                Tmut           7%         N/A       52%         2
 Shock                    Conj/Air       4%         1d3       67%         1
 Spider Form              Tmut/Pois      4%         N/A       88%         3
 Swiftness                Air            1%         N/A       95%         3
 Ice Form                 Ice/Tmut       4%         N/A       99%         4
 Airstrike                Air            0%         N/A       100%        4


Dungeon Overview and Level Annotations

Branches:
Dungeon (3/15)

Altars:

Annotations:
D:3 Sigmund


Innate Abilities, Weirdness & Mutations

You are completely covered in rugged brown scales. (AC +3, +7% HP)
You have supernaturally acute eyesight. (SInv)
Armour fits poorly on your strangely shaped body.
You can roll at nearby foes to attack.
You have a long armoured tail.


Message History

You are too injured to fight recklessly!
You closely miss the adder.
The adder is severely wounded.
You slash the goblin!
You kill the goblin!
You feel sick.
The adder closely misses you. x2; The adder bites you.
You closely miss the adder.
Your tail-slap misses the adder.
The adder is heavily wounded.
You feel sick. The adder bites you.
* * * LOW HITPOINT WARNING * * *
You are more poisoned.
The adder poisons you! The kobold barely misses you.
The adder bites you but does no damage.
Unknown command.
You miss the adder. You tail-slap the adder.
The adder is almost dead.
You barely miss the kobold.
You feel sick. The adder bites you but does no damage.
The kobold hits you but does no damage. The adder barely misses you.
The kobold hits you but does no damage.
Unknown command.
Unknown command.
Unknown command.
You closely miss the adder.
The adder is almost dead.
You closely miss the kobold.
You feel sick. The adder bites you but does no damage.
The kobold hits you with a +0 club.
* * * LOW HITPOINT WARNING * * *
The adder barely misses you.
Unknown command.
Unknown command.
Unknown command.
It was a potion of attraction.
You feel attractive to monsters.
* * * LOW HITPOINT WARNING * * *
You feel sick. The adder bites you.
* * * LOW HITPOINT WARNING * * *
The kobold hits you but does no damage.
It was a potion of might.
You feel very mighty all of a sudden.
You die...

...#...#...#
#†#.#.#.#.#.# .
.#...#...#...# ###$#.
#.#.#.#.#.#.#.# .......
...#...#...#...###...#..
#.#.#.#.#.#.#.#.........
.#...#...#...#...##.#
#.#.#.#.#.#.#.#KS)..#
...#...#...#....@####
#.#.#.#.#.#)#.#..#
.#...#...#...#...# #.#
#.#.#.#.#....###
...##########.....#
.....##### #..####
##.....###..#
#####......†....#
#.....#####.###.#


You could see an adder and a kobold.

Vanquished Creatures
  2 adders
  2 worms (D:2)
  A dart slug (D:1)
  2 endoplasms (D:1)
  3 giant cockroaches
  5 goblins
  4 hobgoblins
  4 jackals (D:1)
  3 quokkas (D:1)
  3 ball pythons
  3 bats
  3 frilled lizards
  5 kobolds
  4 rats
44 creatures vanquished.

Notes
Turn   | Place    | Note
-------+----------+-------------------------------------------
     0 | D:1      | ddubois the Palentonga Transmuter began the quest for the
                  | Orb.
     0 | D:1      | Reached XP level 1. HP: 16/16 MP: 3/3
   162 | D:1      | Reached XP level 2. HP: 17/22 MP: 5/5
   361 | D:1      | Reached skill level 1 in Armour
   775 | D:1      | Reached XP level 3. HP: 16/28 MP: 6/6
  2348 | D:3      | Noticed Sigmund
  2505 | D:3      | Reached XP level 4. HP: 36/36 MP: 7/7
  2548 | D:3      | HP: 1/36 [adder (1)]
  2549 | D:3      | Succumbed to an adder's poison

Illustrated notes

Levels and vault maps discovered:
D:1:      lightli_arrival_quake, layout_loops_cross
D:2:      layout_basic
D:3:      layout_rooms, tgw_kikubaaqudgha, kennysheep_crisscross, uniq_sigmund

Skill      XL: |  1  2 |
---------------+-------+-----
Armour         | 1 |  1.8
Fighting       | 2 |  2.6
Axes           | |  0.7
Dodging        | |  1.6
Unarmed Combat | |  3.0
Spellcasting   | |  2.0
Transmutations | |  2.0

Action                   |  1- 3 |  4- 6 || total
-------------------------+-------+-------++-------
Melee: Unarmed           |   108 |       ||   108
       Punch             |     5 |       ||     5
       Tailslap          |    15 |     2 ||    17
       Battleaxe         |    14 |    12 ||    26
 Abil: Rolling Charge    |    37 |     2 ||    39
  Use: Potion            |       |     2 ||     2
Armor: Ring mail         |    36 |       ||    36
       Scale mail        |       |    12 ||    12
Dodge: Dodged            |    43 |    10 ||    53

Table legend: (Time is in decaauts)
 A = Elapsed time spent in this place.
 B = Non-inter-level travel time spent in this place.
 C = Inter-level travel time spent in this place.
 D = Time resting spent in this place.
 E = Time spent auto-exploring this place.
 F = Levels seen in this place.
 G = Mean time per level.
                   A        B        C        D        E       F      G
               +--------+--------+--------+--------+--------+-----+--------+
         Total |   2562 |   2507 |     55 |     55 |   2080 |   3 |  854.0 |
       Dungeon |   2562 |   2507 |     55 |     55 |   2080 |   3 |  854.0 |
               +--------+--------+--------+--------+--------+-----+--------+

Top non-repeatable levels by time:
     D:2: 1259 daAuts
     D:1: 1093 daAuts
     D:3: 209 daAuts
